 Dungeon Crawl Stone Soup version 0.30.1-11-g7821555f0a (webtiles) character file.

Game seed: 13905457883358844950

1644 MrIGI the Slasher (level 8, -5/73 HPs)
             Began as a White Draconian Berserker on Dec 13, 2023.
             Was a Priest of Trog.
             Slain by a human
             ... wielding a +1 heavy hand axe
              (15 damage)
             ... in a bailey.
             The game lasted 00:17:13 (7803 turns).

MrIGI the Slasher (White Draconian Berserker)       Turns: 7803, Time: 00:17:14

Health: -5/73      AC:  6    Str: 23    XL:     8   Next: 67%
Magic:  8/8        EV: 13    Int:  7    God:    Trog [***...]
Gold:   345        SH:  0    Dex: 10    Spells: 7/7 levels left

rFire   + + .        a - +0 falchion
rCold   + . .        (no shield)
rNeg    . . .        (body armour unavailable)
rPois   .            (helmet restricted)
rElec   .            (no cloak)
rCorr   .            (no gloves)
SInv    .            (no boots)
Will    .....        (no amulet)
Stlth   +            k - ring of protection from fire
HPRegen 0.32/turn    u - ring of protection from fire
MPRegen 0.11/turn

%: no passive effects
@: on berserk cooldown, slowed, very slow
A: breathe frost, AC +6, unfitting armour, cold resistance 1, cold-blooded
a: Breathe Frost, Renounce Religion, Berserk, Trog's Hand


You were in a bailey.
You worshipped Trog.
Trog was most pleased with you.
You visited 1 branch of the dungeon, and saw 7 of its levels.
You also visited: Bailey.

You collected 345 gold pieces.

Inventory:

Hand Weapons
 a - a +0 falchion (weapon)
 m - a +2 hand axe of electrocution
 v - a +2 trident of venom
 x - a +0 short sword of speed
Jewellery
 k - a ring of protection from fire (left hand)
 u - a ring of protection from fire (right hand)
Wands
 C - a wand of charming (4)
Scrolls
 b - a scroll of torment {unknown}
 h - a scroll of poison {unknown}
 i - a scroll of brand weapon {unknown}
 l - 2 scrolls of fear {unknown}
 o - 3 scrolls of teleportation {unknown}
 p - 4 scrolls of enchant armour
 r - 2 scrolls of enchant weapon {unknown}
 w - a scroll of fog {unknown}
 y - a scroll of noise {unknown}
Potions
 c - 2 potions of brilliance {unknown}
 d - a potion of haste {unknown}
 e - 5 potions of attraction
 g - 4 potions of lignification
 j - a potion of degeneration {unknown}
 n - a potion of resistance {unknown}
 s - a potion of flight {unknown}
 t - 2 potions of curing {unknown}
 z - a potion of might
 A - a potion of magic {unknown}
 B - a potion of ambrosia {unknown}


   Skills:
 * Level 7.2 Fighting
 + Level 7.2 Long Blades
 * Level 6.1 Dodging
 + Level 2.4 Stealth


You had 7 spell levels left.
You didn't know any spells.
Your spell library contained the following spells:

 Spells                   Type           Power      Damage    Failure   Level
 Summon Guardian Golem    Hex/Summ       0%         N/A       80%         3
 Orb of Destruction       Conj           0%         9d5       100%        7
 Spellforged Servitor     Conj/Summ      0%         N/A       100%        7


Dungeon Overview and Level Annotations

Branches:
Dungeon (7/15)             Temple (0/1) D:6          Bailey (1/1)

Altars:
Uskayaw
Vehumet

Annotations:
D:4 1 runed translucent door, Hawk2023's ghost, amateur GnFi


Innate Abilities, Weirdness & Mutations

You can breathe waves of freezing cold which knock back foes.
Your icy white scales are hard. (AC +6)
You cannot fit into any form of body armour.
Your flesh is cold resistant. (rC+)
You are cold-blooded and may be slowed by cold attacks.


Message History

The human is moderately wounded.
The human hits you with a +2 heavy hand axe!
A red film seems to cover your vision as you go berserk!
You feel yourself moving faster!
You feel mighty!
You closely miss the human.
The human is moderately wounded.
You feel a strong urge to attack something.
The human barely misses you.
There is an open door here.
You enter the shallow water.
Moving in this stuff is going to be slow.
You feel your anger nearly subside.
You are no longer berserk.
You are exhausted.
You feel yourself slow down.
You hit the human.
Your tail-slap misses the human.
The human is moderately wounded.
The human hits you with a +2 heavy hand axe!
Your unstable footing causes you to fumble your attack.
The human barely misses you.
You miss the human.
Your tail-slap misses the human.
Your punch misses the human.
The human is moderately wounded.
You barely miss the human.
Your tail-slap misses the human.
The human hits you with a +1 heavy hand axe!
The human splashes around in the water.
Your unstable footing causes you to fumble your attack.
The human hits you with a +1 heavy hand axe!
* * * LOW HITPOINT WARNING * * *
The human barely misses you.
Aiming: Charm
Press: ? - help, Shift-Dir - straight line, f - human
Aim: a human, wielding a +1 heavy hand axe and wearing a +0 ring mail (chance to affect: 49%)
Okay, then.
Unknown command.
Aiming: Charm
Press: ? - help, Q - select action, (/) - cycle Shift-Dir - straight line, f - human
Aim: a human, wielding a +1 heavy hand axe and wearing a +0 ring mail (chance to affect: 49%)
The human resists with some effort.
The human hits you with a +1 heavy hand axe!
You die...

##### #####
......
##...##......
#..∩..'....#
#.....######
#..∩[.p@~~##
##...##p~~~#
#####~~~~~+
#~†~~~#
##~~~## #####


You could see 2 humans.

Vanquished Creatures
  2 steam dragons (D:7)
  An ogre (D:4)
  2 phantoms
  4 bullfrogs
  3 scorpions
  A howler monkey (D:6)
  2 hounds
  3 orc priests
  5 jellies
  4 iguanas
  2 sleepcaps
  2 orc wizards
  4 gnolls (D:4)
  10 adders
  An ufetubus (D:7)
  A worm (D:2)
  3 dart slugs
  7 orcs
  4 bats
  10 endoplasms
  4 giant cockroaches
  5 goblins
  8 hobgoblins
  3 jackals (D:2)
  4 quokkas
  9 ball pythons
  A frilled lizard (D:1)
  8 kobolds
  6 rats
119 creatures vanquished.

Vanquished Creatures (others)
  A phantom (D:7)
  An orc wizard (D:6)
  An orc (D:7)
3 creatures vanquished.

Grand Total: 122 creatures vanquished

Notes
Turn   | Place    | Note
-------+----------+-------------------------------------------
     0 | D:1      | MrIGI the Draconian Berserker began the quest for the Orb.
     0 | D:1      | Reached XP level 1. HP: 19/19 MP: 1/1
   150 | D:1      | Reached XP level 2. HP: 26/26 MP: 2/2
   516 | D:1      | Reached ** piety under Trog
   544 | D:1      | Reached XP level 3. HP: 33/33 MP: 3/3
  1181 | D:2      | Reached XP level 4. HP: 40/40 MP: 4/4
  2467 | D:3      | Reached XP level 5. HP: 42/47 MP: 5/5
  2666 | D:3      | Found a faded altar of an unknown god.
  3016 | D:3      | You fall into a shaft and drop 2 floors!
  3016 | D:5      | Entered Level 5 of the Dungeon
  3070 | D:4      | Found a runed translucent door.
  3070 | D:4      | Noticed Hawk2023's ghost (amateur GnFi)
  3624 | D:4      | Reached skill level 1 in Stealth
  3858 | D:4      | Reached XP level 6. HP: 55/55 MP: 6/6
  3920 | D:4      | Reached skill level 5 in Fighting
  3943 | D:4      | Reached *** piety under Trog
  3944 | D:4      | Reached skill level 5 in Long Blades
  4818 | D:5      | Your scales start taking on an icy white colour.
  4818 | D:5      | Reached XP level 7. HP: 26/61 MP: 7/7
  4818 | D:5      | Gained mutation: Your flesh is cold resistant. (rC+) [White
                  | Draconian growth]
  5132 | D:5      | Noticed a +0 dagger
  5133 | D:5      | Noticed a +0 spear
  5134 | D:5      | Noticed a +0 short sword
  5134 | D:5      | Noticed a +0 spear
  5134 | D:5      | Noticed a +0 falchion
  5134 | D:5      | Noticed a +0 dagger
  5136 | D:5      | Noticed a +0 falchion
  5136 | D:5      | Noticed a +0 short sword
  5469 | D:5      | Found a hide-covered altar of Uskayaw.
  5749 | D:5      | Reached skill level 5 in Dodging
  6370 | D:6      | Reached XP level 8. HP: 56/71 MP: 8/8
  7070 | D:6      | Found a staircase to the Ecumenical Temple.
  7389 | D:7      | Found a radiant altar of Vehumet.
  7439 | D:7      | Found a flagged portal.
  7678 | Bailey   | Entered a bailey
  7803 | Bailey   | Slain by a human

Illustrated notes

Levels and vault maps discovered:
D:1:      psy_arrival_statuary, layout_loops_ring, minmay_misc_feat_hallway,
          minmay_statues_item
D:2:      layout_loops_corners
D:3:      layout_loops_corners, chequers_ecumenical_altar_grove
D:4:      layout_rooms, gammafunk_ghost_grave, serial_curves, eino_curves_02,
          eino_curves_02
D:5:      layout_rooms, nicolae_uskayaw_en_pointe, sigmund_army
D:6:      mumra_celtic_spiral_tile, layout_basic, minmay_temple_entry_overgrown
D:7:      nicolae_whirlpool, layout_cave_pools,
          mainiacjoe_overflow_concentric_impassable, enter_bailey_5,
          nicolae_figureground_pulse
Bailey:   bailey_axe_froggy_fort_hellmonk, bailey

Skill      XL: |  1  2  3  4  5  6  7  8 |
---------------+-------------------------+-----
Dodging        | 3 4 5 6 |  6.1
Fighting       | 4 5 6 7 |  7.2
Long Blades    | 4 5 6 7 |  7.2
Stealth        | 1 2 |  2.4

Action                     |  1- 3 |  4- 6 |  7- 9 || total
---------------------------+-------+-------+-------++-------
  Melee: Falchion          |   132 |   245 |   265 ||   642
         Tailslap          |    14 |    29 |    35 ||    78
         Punch             |       |     1 |     5 ||     6
 Invoke: Berserk           |     1 |     3 |     6 ||    10
Ability: Breathe Frost     |       |       |     6 ||     6
  Evoke: Wand              |       |       |     1 ||     1
    Use: Scroll            |       |     1 |     2 ||     3
         Potion            |       |       |     1 ||     1
   Stab: Sleeping          |     3 |     2 |     2 ||     7
 Armour: Skin              |    38 |   100 |    74 ||   212
  Dodge: Dodged            |    92 |   203 |   173 ||   468
